 Dungeon Crawl Stone Soup version 0.28.0 (webtiles) character file.

Game seed: 8345101616446968942

194700 bonscott the Fighter (level 18, 0/107 HPs)
             Began as a Vampire Necromancer on Feb 13, 2022.
             Was a High Priest of Sif Muna.
             Constricted to death by a shambling mangrove (8 damage)
             ... on level 3 of the Swamp on Feb 15, 2022.
             The game lasted 08:27:40 (57391 turns).

bonscott the Fighter (Vampire Necromancer)         Turns: 57391, Time: 08:27:41

Health: 0/107      AC: 21    Str: 19    XL:     18   Next: 10%
Magic:  18/32      EV:  9    Int: 18    God:    Sif Muna [*****.]
Gold:   2249       SH: 13    Dex: 25    Spells: 0/37 levels left

rFire   . . .      SeeInvis +   a - +9 hunting sling (flame)
rCold   + + .      Faith    .   Y - +0 buckler
rNeg    + + +      Spirit   .   L - +1 acid dragon scales
rPois   ∞          Reflect  +   r - +2 helmet
rElec   +          Harm     .   I - +2 cloak {Stlth+}
rCorr   +          Rampage  .   O - +0 pair of gloves of Indemnity {Regen+ Str+6}
Will    ++...                   X - +2 pair of boots {Fly}
Stlth   ++++++....              f - amulet of reflection
HPRegen 0.00/turn               i - ring "Ycri" {rElec Dex+3 SInv}
MPRegen 0.23/turn               C - ring of Zoff {Will+ Dex+6}

@: grasped by roots, flying, bloodless, inhibited regen, constricted
A: bloodless, fangs 3, see invisible, vampiric 2, poison resistance
a: Bat Form, Revivify, Renounce Religion, Channel Magic, Forget Spell, Divine
Exegesis


You were on level 3 of the Swamp.
You worshipped Sif Muna.
Sif Muna was extremely pleased with you.
You visited 7 branches of the dungeon, and saw 32 of its levels.
You also visited: Bailey.

You collected 3479 gold pieces.
You spent 1230 gold pieces at shops.

Inventory:

Hand Weapons
 a - a +9 hunting sling of flaming (weapon)
 b - a +8 eveningstar of draining
 c - a +4 scimitar of flaming
 t - the +8 trident of the Lumpy Youths {venom, rPois Will- rCorr Int+3}
   (You found it on level 6 of the Lair of Beasts)

   It poisons the flesh of those it strikes.
   Int:       It affects your intelligence (+3).
   rPois:     It protects you from poison.
   rCorr:     It protects you from acid and corrosion.
   Will:      It decreases your willpower.
 A - a +3 whip of electrocution
Missiles
 d - 26 poisoned darts
 e - 39 boomerangs
 o - 20 silver boomerangs
 z - 55 sling bullets (quivered ammo)
 F - 498 stones
 J - 5 datura-tipped darts
 Q - a throwing net
 R - 7 curare-tipped darts
 Z - 11 javelins
Armour
 r - a +2 helmet (worn)
 u - an orb of light
 I - a +2 cloak of stealth (worn)
 L - +1 acid dragon scales (worn)
 O - the +0 pair of gloves of Indemnity (worn) {Regen+ Str+6}
   (You found it on level 11 of the Dungeon)

   Str:       It affects your strength (+6).
   Regen:     It increases your rate of health regeneration.
 X - a +2 pair of boots of flying (worn)
 Y - a +0 buckler (worn)
Jewellery
 f - an amulet of reflection (around neck)
 i - the ring "Ycri" (left hand) {rElec Dex+3 SInv}
   (You bought it in a shop on level 2 of the Orcish Mines)

   [ring of see invisible]

   Dex:       It affects your dexterity (+3).
   rElec:     It insulates you from electricity.
   SInv:      It lets you see invisible.
 s - a ring of protection from cold
 C - the ring of Zoff (right hand) {Will+ Dex+6}
   (You bought it in a shop on level 14 of the Dungeon)

   [ring of dexterity]

   Dex:       It affects your dexterity (+6).
   Will:      It increases your willpower.
 P - a ring of protection from fire
Wands
 m - a wand of iceblast (22)
 q - a wand of digging (10)
 y - a wand of flame (14)
 D - a wand of paralysis (4)
 T - a wand of charming (10)
Scrolls
 j - 5 scrolls of identify
 k - 16 scrolls of teleportation
 n - a scroll of silence
 v - 3 scrolls of immolation
 w - 2 scrolls of amnesia
 x - 3 scrolls of torment
 G - a scroll of blinking
 H - 4 scrolls of magic mapping
 U - 3 scrolls of fog
Potions
 h - 7 potions of curing
 l - 4 potions of ambrosia
 p - 5 potions of haste
 B - 5 potions of brilliance
 E - 5 potions of heal wounds
 K - 3 potions of cancellation
 M - a potion of invisibility
 N - 4 potions of resistance
 V - 3 potions of might
Miscellaneous
 g - a box of beasts
 W - a phantom mirror


   Skills:
 - Level 10.0 Fighting
 - Level 9.0 Maces & Flails
 - Level 9.7(10.0) Slings
 - Level 2.9(6.8) Throwing
 - Level 9.0 Armour
 - Level 2.1 Dodging
 - Level 3.0 Stealth
 - Level 10.0 Shields
 - Level 10.0 Spellcasting
 - Level 6.0 Conjurations
 - Level 9.0 Necromancy
 - Level 10.0 Ice Magic
 + Level 9.6 Air Magic
 - Level 7.0 Poison Magic
 - Level 5.0 Invocations
 - Level 9.0 Evocations


You couldn't memorise any spells.
You knew the following spells:

 Your Spells              Type           Power      Damage    Failure   Level
h - Mephitic Cloud        Conj/Pois/Air  36%        N/A       1%          3
i - Pain                  Necr           100%       1d9       1%          1
m - Vampiric Draining     Necr           41%        2d8       1%          3
n - Lightning Bolt        Conj/Air       18%        1d33      14%         5
p - Passwall              Tmut/Erth      7%         N/A       19%         2
q - Blink                 Tloc           18%        N/A       19%         2
u - Dispel Undead         Necr           41%        3d16      3%          4
w - Swiftness             Air            43%        N/A       1%          3
x - Olgreb's Toxic Radia  Pois           34%        N/A       7%          4
y - Agony                 Necr           41%        N/A       9%          5
z - Freezing Cloud        Conj/Ice/Air   19%        6-21      10%         5

Your spell library contained the following spells:

 Spells                   Type           Power      Damage    Failure   Level
 Animate Skeleton         Necr           82%        N/A       1%          1
 Freeze                   Ice            100%       1d11      1%          1
 Magic Dart               Conj           100%       1d8       1%          1
 Corpse Rot               Necr/Air       84%        N/A       1%          2
 Static Discharge         Conj/Air       37%        N/A       1%          2
 Sting                    Tmut/Pois      84%        1d7       2%          1
 Ensorcelled Hibernation  Hex/Ice        54%        N/A       2%          2
 Airstrike                Air            21%        N/A       2%          4
 Foxfire                  Conj/Fire      76%        2x1d7     3%          1
 Animate Dead             Necr           20%        N/A       3%          4
 Excruciating Wounds      Necr           20%        N/A       9%          5
 Conjure Flame            Conj/Fire      19%        6-21      11%         3
 Stone Arrow              Conj/Erth      38%        3d9       11%         3
 Beastly Appendage        Tmut           18%        N/A       12%         1
 Sandblast                Erth           18%        2d7       12%         1
 Slow                     Hex            36%        N/A       12%         1
 Ignite Poison            Fire/Tmut/Pois 17%        N/A       14%         3
 Ice Form                 Ice/Tmut       27%        N/A       16%         4
 Summon Lightning Spire   Summ/Air       26%        N/A       17%         4
 Scorch                   Fire           18%        2d6       19%         2
 Wereblood                Tmut           9%         N/A       19%         2
 Anguish                  Hex/Necr       12%        N/A       19%         4
 Gell's Gravitas          Tloc           9%         N/A       34%         3
 Lesser Beckoning         Tloc           9%         N/A       34%         3
 Teleport Other           Tloc           9%         N/A       34%         3
 Tukima's Dance           Hex            9%         N/A       34%         3
 Flame Wave               Conj/Fire      19%        2d6       34%         4
 Fulminant Prism          Conj/Hex       9%         3d7       34%         4
 Iskenderun's Mystic Bla  Conj/Tloc      19%        2d6       34%         4
 Simulacrum               Ice/Necr       21%        N/A       36%         6
 Metabolic Englaciation   Hex/Ice        13%        N/A       38%         5
 Death Channel            Necr           20%        N/A       41%         6
 Silence                  Hex/Air        13%        N/A       43%         5
 Borgnjor's Vile Clutch   Necr/Erth      12%        N/A       45%         5
 Alistair's Intoxication  Tmut/Pois      14%        N/A       61%         5
 Irradiate                Conj/Tmut      9%         3d16      67%         5
 Animate Armour           Summ/Erth      18%        N/A       75%         4
 Leda's Liquefaction      Hex/Erth       4%         N/A       75%         4
 Passage of Golubria      Tloc           9%         N/A       75%         4
 Petrify                  Tmut/Erth      9%         N/A       75%         4
 Blade Hands              Tmut           4%         N/A       97%         5
 Lee's Rapid Deconstruct  Erth           4%         3d6*      97%         5
 Manifold Assault         Tloc           9%         N/A       97%         5
 Summon Forest            Summ/Tloc      4%         N/A       97%         5
 Yara's Violent Unravell  Hex/Tmut       4%         3d4       97%         5
 Eringya's Noxious Bog    Tmut/Pois      10%        N/A       99%         6
 Iron Shot                Conj/Erth      9%         9d3       99%         6
 Dispersal                Tloc           4%         N/A       100%        6
 Statue Form              Tmut/Erth      6%         N/A       100%        6
 Dragon Form              Tmut           4%         N/A       100%        7
 Orb of Destruction       Conj           15%        9d7       100%        7
 Storm Form               Tmut/Air       13%        N/A       100%        7
 Summon Hydra             Summ           4%         N/A       100%        7
 Lehudib's Crystal Spear  Conj/Erth      9%         10d4      100%        8
 Fire Storm               Conj/Fire      9%         8d3       100%        9
 Polar Vortex             Ice            22%        N/A       100%        9


Dungeon Overview and Level Annotations

Branches:
Dungeon (15/15)            Temple (1/1) D:4            Lair (6/6) D:9
  Swamp (3/4) Lair:2       Spider (4/4) Lair:3        Slime (0/5) Lair:6
    Orc (2/2) D:9             Elf (1/3) Orc:2        Vaults (0/5) D:13
 Depths (0/4) D:15         Bailey (visited)

Altars:
Ashenzari
Cheibriados
Dithmenos
Elyvilon
Fedhas
Gozag
Hepliaklqana
Kikubaaqudgha
Makhleb
Nemelex Xobeh
Okawaru
Qazlal
Ru
Sif Muna
Trog
Uskayaw
Vehumet
Wu Jian
Xom
Yredelemnul
Zin
The Shining One

Shops:
D:1 *   D:4 [   D:5 !   D:9 *   D:14 ([=*   Orc:2 !(=!

Portals:
Trove: D:14 (give +2 gold dragon scales)

Annotations:
D:4 Menkaure
D:7 3 runed translucent doors, cpf86's ghost, novice DDFi
D:9 1 runed translucent door, Estrea's ghost, novice MiGl
Lair:5 Rupert
Swamp:1 Donald
Spider:4 Mlioglotl
Orc:1 2 transporters, Philosiphyzer's ghost, journeyman TrMo
Orc:2 3 runed translucent doors, porkupine's ghost, journeyman DrMo


Innate Abilities, Weirdness & Mutations

You do not regenerate when monsters are visible.
You are frail without blood (-20% HP).
You can heal yourself when you bite living creatures.
You are immune to poison.
You have razor-sharp teeth.
You have supernaturally acute eyesight. (SInv)
You are afflicted with vampirism and can become a bat while bloodless.
Your system is resistant to poisons. (rPois)


Message History

You draw life force from the shambling mangrove.
You feel life coursing into your body.
Casting: Vampiric Draining (safe; 1% risk of failure)
Confirm with . or Enter, or press ? or * to list all spells.
Aiming: Vampiric Draining (safe; 1% risk of failure)
Press: ? - help, Shift-Dir - straight line, f/p - shambling mangrove
Aim: a shambling mangrove (heavily damaged)
You draw life force from the shambling mangrove!
You feel life coursing into your body. The shambling mangrove hits you!
The grasping roots constrict you.
Casting: Vampiric Draining (safe; 1% risk of failure)
Confirm with . or Enter, or press ? or * to list all spells.
Aiming: Vampiric Draining (safe; 1% risk of failure)
Press: ? - help, Shift-Dir - straight line, f/p - shambling mangrove
Aim: a shambling mangrove (heavily damaged)
You draw life force from the shambling mangrove!
You feel life coursing into your body.
The shambling mangrove barely misses you.
The grasping roots constrict you.
Casting: Vampiric Draining (safe; 1% risk of failure)
Confirm with . or Enter, or press ? or * to list all spells.
Aiming: Vampiric Draining (safe; 1% risk of failure)
Press: ? - help, Shift-Dir - straight line, f/p - shambling mangrove
Aim: a shambling mangrove (severely damaged)
You draw life force from the shambling mangrove.
You feel life coursing into your body. The shambling mangrove hits you!!
* * * LOW HITPOINT WARNING * * *
The grasping roots constrict you!
* * * LOW HITPOINT WARNING * * *
Unknown command.
Casting: Vampiric Draining (safe; 1% risk of failure)
Confirm with . or Enter, or press ? or * to list all spells.
Aiming: Vampiric Draining (safe; 1% risk of failure)
Press: ? - help, Shift-Dir - straight line, f/p - shambling mangrove
Aim: a shambling mangrove (severely damaged)
You draw life force from the shambling mangrove.
You feel life coursing into your body. The shambling mangrove hits you!
* * * LOW HITPOINT WARNING * * *
The grasping roots constrict you!
You die...

♣♣. ♣....♣.≈≈....≈≈≈≈
≈§/♣♣.≈.≈≈.......≈♣.≈≈≈≈≈
.≈(.♣$.(≈♣♣≈.♣.♣♣♣♣.≈≈≈♣♣
♣≈(.≈≈.♣♣.≈.♣♣♣ ♣♣♣♣♣♣♣
♣.(≈≈≈♣♣.≈≈♣♣♣♣≈..≈ ♣≈≈
♣.§(≈..♣≈≈≈♣≈.≈≈≈≈≈≈♣≈.
♣..≈(≈≈.[...≈≈≈≈≈≈.≈≈≈≈
♣...≈f≈<♣.≈.≈≈≈≈≈≈≈≈≈≈§
♣...≈≈@≈♣♣≈≈≈≈...≈≈≈≈(≈
♣♣♣≈≈≈≈.♣≈.≈≈≈≈≈≈≈≈≈≈..
♣♣.≈≈≈≈≈≈♣≈♣≈≈≈≈≈≈≈≈≈≈
♣≈≈≈§≈.♣≈≈♣♣♣♣≈...♣≈≈≈
♣≈≈♣♣♣♣♣≈.♣♣♣♣♣♣♣♣♣♣♣♣
♣♣≈.♣ ...♣.♣≈.≈♣ ♣♣♣
♣.≈≈♣ ♣♣♣♣.≈≈≈.♣♣♣♣..
♣♣..≈♣ ♣≈.≈.♣≈♣♣.≈≈
♣≈.≈.♣ ♣♣♣♣ ♣♣♣♣≈≈♣♣♣.≈≈


You could see a shambling mangrove.

Vanquished Creatures
  4 thorn hunters
  A fenstrider witch (Swamp:1)
  3 ghost moths
  6 emperor scorpions
  3 orc warlords
  3 broodmothers
  5 eleionomae
  An entropy weaver (Spider:1)
  2 bunyips
  3 spark wasps
  Snorg (Lair:6)
  An ettin (Orc:1)
  4 shambling mangroves
  A rakshasa (D:15)
  3 ghost crabs
  3 radroaches
  3 boulder beetles
  18 hydras
  A death knight (D:14)
  2 ogre magi
  Erica (D:10)
  7 centaur warriors
  9 alligators
  A deep troll shaman (Lair:6)
  12 death yaks
  9 two-headed ogres
  2 catoblepae
  3 orc high priests (Orc:2)
  A titan zombie (D:15)
  Urug (Lair:4)
  A deep elf knight (D:14)
  Nergalle (Lair:4)
  6 spriggans
  4 goliath frogs
  5 pharaoh ants
  7 skeletal warriors
  A sun moth (Spider:3)
  10 orb spiders
  5 steelbarb worms
  A flayed ghost (D:15)
  3 swamp dragons
  10 orc knights
  A bog body (Swamp:2)
  3 spriggan druids
  A wizard (D:13)
  A phantasmal warrior (D:14)
  A tengu zombie (D:15)
  A lindwurm (shapeshifter) (D:14)
  3 deep elf pyromancers
  A lindwurm (Lair:6)
  A necromancer (D:15)
  4 will-o-the-wisps
  18 ugly things
  15 wolf spiders
  5 manticores
  5 orc sorcerers
  3 oklob plants
  20 elephants
  2 moths of wrath (Spider:3)
  6 cyclopes
  A stone giant zombie (D:15)
  5 black mambas
  Maurice (D:10)
  6 torpor snails
  Joseph (D:7)
  A gargoyle (D:14)
  A guardian serpent (D:12)
  23 cane toads
  3 rime drakes
  An unseen horror (D:11)
  Maggie (D:7)
  A kobold demonologist (D:10)
  3 freezing wraiths (D:14)
  6 komodo dragons
  8 demonic crawlers
  2 efreet
  5 guardian mummies
  9 meliai
  8 tyrant leeches
  15 trolls
  A polar bear (Lair:6)
  6 hornets
  18 tarantellas
  Prince Ribbit (D:7)
  20 blink frogs
  3 dream sheep (Lair:2)
  9 slime creatures
  19 jumping spiders
  21 culicivoras
  2 shadows
  A centaur simulacrum (D:15)
  A vampire (D:12)
  A spriggan skeleton (D:15)
  30 yaks
  A wraith (D:13)
  3 wyverns
  4 basilisks
  Eustachio (D:3)
  A steam dragon (D:10)
  48 redbacks
  16 vampire mosquitoes
  8 swamp worms
  Edmund (D:5)
  4 acid dragons
  7 wargs
  12 water moccasins
  2 swamp drakes
  2 sky beasts
  51 orc warriors
  3 black bears
  2 ice beasts
  A necrophage (D:7)
  7 ogres
  3 phantoms
  22 wolves
  4 centaurs
  5 kobold brigands
  22 bullfrogs
  A water moccasin zombie (D:6)
  A gnoll sergeant (D:5)
  A water moccasin skeleton (D:5)
  4 killer bees (D:9)
  7 jellies
  3 electric eels
  3 howler monkeys
  3 centaur zombies
  2 hounds
  19 orc priests
  A centaur skeleton (D:4)
  2 iguanas
  20 orc wizards
  4 mummies (D:14)
  10 gnolls
  5 adders
  A white imp (D:3)
  A dart slug (D:1)
  A worm (D:2)
  114 orcs
  4 ball pythons
  29 endoplasms
  5 giant cockroaches
  15 goblins
  8 hobgoblins
  4 jackals (D:4)
  30 kobolds
  A quokka (D:1)
  6 bats
  4 frilled lizards
  7 rats
1039 creatures vanquished.

Vanquished Creatures (collateral kills)
  A demonic crawler (Spider:3)
  3 tarantellas (Spider:3)
  A slime creature (D:14)
  An orc wizard (Orc:1)
6 creatures vanquished.

Vanquished Creatures (others)
  A wizard (D:13)
  2 bloated husks
  A jumping spider (Spider:1)
  An orc warrior (Orc:1)
  An orc (Orc:2)
  4 briar patches (Swamp:2)
  2 bushes (Lair:6)
  10 foxfires
  77 fungi
  99 plants
  16 withered plants (D:15)
214 creatures vanquished.

Grand Total: 1259 creatures vanquished

Notes
Turn   | Place    | Note
-------+----------+-------------------------------------------
     0 | D:1      | bonscott the Vampire Necromancer began the quest for the
                  | Orb.
     0 | D:1      | Reached XP level 1. HP: 13/13 MP: 3/3
   314 | D:1      | Reached XP level 2. HP: 18/19 MP: 3/5
   445 | D:1      | Found Koces's Assorted Antiques.
   453 | D:1      | Bought a yellow potion for 16 gold pieces
   453 | D:1      | Bought a scroll labelled VIHOWE RATEING for 18 gold pieces
   933 | D:2      | Gained mutation: You are afflicted with vampirism and can
                  | become a bat while bloodless. [Vampire growth]
   933 | D:2      | Reached XP level 3. HP: 21/24 MP: 2/7
  1056 | D:2      | Learned a level 3 spell: Vampiric Draining
  1065 | D:2      | Reached skill level 5 in Necromancy
  1238 | D:2      | Found a faded altar of an unknown god.
  1463 | D:2      | Reached XP level 4. HP: 20/30 MP: 0/9
  2209 | D:2      | Reached skill level 1 in Armour
  2209 | D:2      | Reached XP level 5. HP: 32/35 MP: 2/11
  2752 | D:4      | Noticed Eustachio
  2789 | D:3      | Killed Eustachio
  2790 | D:3      | Reached skill level 1 in Fighting
  2790 | D:3      | Reached XP level 6. HP: 42/44 MP: 0/12
  3071 | D:4      | Found a staircase to the Ecumenical Temple.
  3079 | Temple   | Entered the Ecumenical Temple
  3173 | Temple   | Became a worshipper of Sif Muna the Loreminder
  3222 | D:4      | Found Bacicudgh's Armour Emporium.
  3258 | D:4      | Found a bloodstained altar of Trog.
  3343 | D:4      | Noticed Menkaure
  3845 | D:5      | Entered Level 5 of the Dungeon
  3850 | D:5      | Found Himyicuh's Distillery.
  4254 | D:5      | Reached skill level 1 in Slings
  4263 | D:5      | Noticed Edmund
  4536 | D:5      | Reached XP level 7. HP: 46/52 MP: 8/13
  4702 | D:5      | Killed Edmund
  4830 | D:5      | Reached skill level 1 in Evocations
  5522 | D:5      | Reached XP level 8. HP: 58/58 MP: 5/14
  5909 | D:5      | Bought a potion of heal wounds for 65 gold pieces
  6483 | D:6      | Reached * piety under Sif Muna
  6786 | D:6      | Learned a level 4 spell: Animate Dead
  6895 | D:6      | You are sucked into a shaft and drop 2 floors!
  7039 | D:8      | Reached skill level 5 in Armour
  7342 | D:8      | Reached skill level 5 in Fighting
  7398 | D:8      | Reached XP level 9. HP: 58/68 MP: 6/15
  7900 | D:8      | Reached skill level 5 in Spellcasting
  8245 | D:7      | Reached skill level 1 in Throwing
  8356 | D:8      | Got the Handbook of Transmutation
  8360 | D:8      | Learned a level 2 spell: Passwall
  8573 | D:7      | Noticed Maggie
  8596 | D:7      | Killed Maggie
  8742 | D:7      | Found a flagged portal.
  8784 | D:7      | Noticed Prince Ribbit
  8791 | Bailey   | Entered a bailey
  9056 | Bailey   | Noticed an orc knight
  9130 | Bailey   | Reached ** piety under Sif Muna
 10016 | Bailey   | Killed an orc knight
 10017 | Bailey   | Reached skill level 5 in Slings
 10151 | D:7      | Reached XP level 10. HP: 76/76 MP: 1/17
 10319 | D:7      | Killed Prince Ribbit
 10642 | D:7      | Found an ancient bone altar of Kikubaaqudgha.
 10932 | D:7      | Found a runed translucent gate.
 10933 | D:7      | Found a runed translucent gate.
 10933 | D:7      | Noticed cpf86's ghost (novice DDFi)
 10934 | D:7      | Found a runed translucent gate.
 10950 | D:7      | Found the +13 scythe of Curses {drain, Drain}
 10953 | D:7      | Noticed Joseph
 11112 | D:7      | Killed Joseph
 11623 | D:8      | Reached *** piety under Sif Muna
 12821 | D:9      | Noticed a two-headed ogre
 13114 | D:9      | Found Sibadiutt's Lightly-Used Armoury.
 13169 | D:9      | Found a runed translucent door.
 13257 | D:9      | Found a staircase to the Lair.
 13343 | D:9      | Noticed a fire crab
 13344 | D:9      | Noticed Estrea's ghost (novice MiGl)
 13345 | D:9      | a fire crab changed into a jumping spider
 13437 | D:9      | Noticed an anaconda
 13469 | D:9      | Killed a two-headed ogre
 13482 | D:9      | Learned a level 5 spell: Agony
 14153 | D:9      | Found a staircase to the Orcish Mines.
 14413 | D:9      | Reached XP level 11. HP: 83/84 MP: 20/20
 14485 | D:9      | Noticed a goliath frog
 14629 | D:10     | Entered Level 10 of the Dungeon
 14730 | D:10     | Noticed Maurice
 14930 | D:10     | Identified the +6 falchion of the Dozen Nights {vorpal,
                  | *Corrode rPois Str+7 Int+2}
 14952 | D:10     | Noticed a sixfirhy
 15191 | D:10     | Reached **** piety under Sif Muna
 15193 | D:10     | Noticed Erica
 15207 | D:10     | Killed Erica
 15337 | D:10     | Found a hazy altar of Hepliaklqana.
 15505 | D:10     | Killed Maurice
 15809 | D:10     | Learned a level 3 spell: Mephitic Cloud
 16222 | D:11     | Identified the +0 pair of gloves of Indemnity {Regen+
                  | Str+6}
 16364 | D:9      | Noticed an anaconda
 16450 | Lair:1   | Entered Level 1 of the Lair of Beasts
 16768 | Lair:1   | Noticed an eight-headed hydra
 17019 | Lair:1   | Reached skill level 1 in Conjurations
 17027 | Lair:1   | Identified the +1 ring mail "Pipliow" {Stlth+}
 17058 | Lair:1   | Identified the +5 ring mail "Dutil" {Rampage Str+4}
 17379 | Lair:1   | Reached skill level 1 in Air Magic
 17780 | Lair:1   | Killed an eight-headed hydra
 17957 | Lair:1   | Reached XP level 12. HP: 78/92 MP: 22/22
 18016 | Lair:2   | Noticed a six-headed hydra
 18023 | Lair:2   | Killed a five-headed hydra
 18267 | Lair:2   | Noticed a five-headed hydra
 18293 | Lair:2   | Killed a four-headed hydra
 18305 | Lair:2   | Noticed a six-headed hydra
 18936 | Lair:2   | Noticed a five-headed hydra
 19277 | Lair:2   | Killed a one-headed hydra
 19277 | Lair:2   | Noticed a four-headed hydra
 19292 | Lair:2   | Killed a four-headed hydra
 19532 | Lair:2   | Found a staircase to the Swamp.
 19702 | Lair:2   | Killed a three-headed hydra
 20294 | Lair:3   | Noticed a death yak
 20542 | Lair:3   | Noticed a five-headed hydra
 20585 | Lair:3   | Reached skill level 5 in Evocations
 20588 | Lair:3   | Noticed a death yak
 20714 | Lair:3   | Noticed a death yak
 20848 | Lair:3   | Found a hole to the Spider Nest.
 20915 | Lair:3   | Killed a four-headed hydra
 21171 | Lair:3   | Reached XP level 13. HP: 98/98 MP: 23/23
 21197 | Lair:3   | Reached ***** piety under Sif Muna
 21197 | Lair:3   | Received a gift from Sif Muna
 21198 | Lair:3   | Got Gika's Volume of Changing {god gift}
 22330 | Lair:4   | Noticed Nergalle
 22408 | Lair:4   | Noticed Urug
 22566 | Lair:4   | Killed Urug
 23447 | Lair:4   | You are sucked into a shaft and drop 2 floors!
 23447 | Lair:6   | Entered Level 6 of the Lair of Beasts
 23706 | Lair:6   | Reached skill level 1 in Maces & Flails
 24158 | Lair:6   | Reached skill level 5 in Maces & Flails
 24346 | Lair:6   | Identified the +0 flail "Eluest" {speed, rPois Dex+3}
 24351 | Lair:6   | Found a staircase to the Slime Pits.
 24356 | Lair:6   | Noticed Snorg
 24805 | Lair:6   | Killed Snorg
 24806 | Lair:6   | Reached XP level 14. HP: 108/108 MP: 24/24
 25180 | Lair:6   | Learned a level 2 spell: Blink
 25184 | Lair:6   | Learned a level 3 spell: Lesser Beckoning
 25588 | Lair:4   | Killed Nergalle
 26286 | Lair:5   | Noticed Rupert
 26881 | Lair:6   | Reached skill level 1 in Invocations
 27091 | Lair:6   | Learned a level 3 spell: Swiftness
 27091 | Lair:6   | Identified the +8 trident of the Lumpy Youths {venom, rPois
                  | Will- rCorr Int+3}
 28561 | D:12     | Received a gift from Sif Muna
 28643 | D:12     | Got Sif Muna's Almanac of Dark Moulding {god gift}
 28653 | D:12     | Learned a level 4 spell: Dispel Undead
 28791 | D:12     | Reached skill level 1 in Ice Magic
 30092 | D:13     | Reached skill level 5 in Invocations
 30132 | D:13     | Found a gate to the Vaults.
 30144 | D:13     | Reached XP level 15. HP: 113/113 MP: 27/27
 30333 | D:14     | Identified the +10 scythe "Gram" {drain, rC- Int+8}
 30495 | D:14     | Found Vicih's Assorted Antiques.
 30572 | D:14     | Bought a twitching wooden ring for 185 gold pieces
 30572 | D:14     | Identified the ring of Zoff {Will+ Dex+6} (You bought it in
                  | a shop on level 14 of the Dungeon)
 30619 | D:14     | Found Gukyg's Jewellery Boutique.
 31037 | D:14     | Found a portal to a secret trove of treasure.
 31118 | D:14     | Found Zousut's Weapon Shoppe.
 31357 | D:14     | Reached skill level 10 in Fighting
 32250 | D:14     | Found Ysasar's Antique Armour Emporium.
 32261 | D:14     | Received a gift from Sif Muna
 32262 | D:14     | Got Sif Muna's Tome of Ice and Bewitchment {god gift}
 32268 | D:14     | Learned a level 4 spell: Anguish
 32380 | D:14     | Reached skill level 1 in Shields
 33592 | D:14     | Reached skill level 5 in Shields
 33891 | Orc:1    | Entered Level 1 of the Orcish Mines
 34095 | Orc:1    | Noticed an orc warlord
 34124 | Orc:1    | Killed an orc warlord
 34237 | Orc:1    | Noticed an orc warlord
 34269 | D:9      | Killed an orc warlord
 34607 | Orc:1    | Identified the +1 scale mail of Zoikhesm {rElec Will- Dex-3
                  | Stlth+}
 34610 | Orc:1    | Identified the +5 quarterstaff "Obijashro" {holy, Will+
                  | Str+2}
 34833 | Orc:1    | Noticed Philosiphyzer's ghost (journeyman TrMo)
 34844 | Orc:1    | Found a transporter.
 34869 | Orc:1    | Found a transporter.
 34943 | Orc:2    | Entered Level 2 of the Orcish Mines
 35047 | Orc:2    | Received a gift from Sif Muna
 35048 | Orc:2    | Got Sif Muna's Reference Book on Confrontation and
                  | Execration {god gift}
 35073 | Orc:2    | Noticed an orc warlord
 35202 | Orc:2    | Found a staircase to the Elven Halls.
 35312 | Orc:2    | Found a runed translucent gate.
 35447 | Orc:2    | Killed an orc warlord
 35599 | Orc:2    | Found a runed translucent gate.
 35599 | Orc:2    | Found a runed translucent gate.
 35601 | Orc:2    | Noticed porkupine's ghost (journeyman DrMo)
 35602 | Orc:2    | Found an iron altar of Okawaru.
 37903 | Orc:2    | Reached XP level 16. HP: 122/122 MP: 28/28
 37905 | Orc:2    | Found Diul's Distillery.
 37905 | Orc:2    | Found Mameafo's Jewellery Emporium.
 37907 | Orc:2    | Found Osku's Antique Weapon Shop.
 37907 | Orc:2    | Found Epipawk's Distillery.
 37987 | Orc:2    | Bought the ring "Ycri" {rElec Dex+3 SInv} for 494 gold
                  | pieces
 37993 | Orc:2    | Bought 2 potions of resistance for 220 gold pieces
 38299 | D:14     | Bought a runed helmet for 232 gold pieces
 38506 | Spider:1 | Entered Level 1 of the Spider Nest
 39075 | Elf:1    | Entered Level 1 of the Elven Halls
 40170 | Spider:1 | Reached skill level 10 in Shields
 40850 | Spider:1 | Received a gift from Sif Muna
 40851 | Spider:1 | Got Sif Muna's Catalogue of Virous Stones {god gift}
 41250 | Spider:2 | Reached skill level 1 in Poison Magic
 42324 | Spider:2 | Identified the +1 scale mail of the Salamander {Fly Str+7}
 42548 | Swamp:1  | Entered Level 1 of the Swamp
 43032 | Lair:2   | Reached skill level 5 in Poison Magic
 43039 | Lair:2   | Learned a level 4 spell: Olgreb's Toxic Radiance
 43667 | D:15     | Entered Level 15 of the Dungeon
 43920 | D:15     | Reached skill level 5 in Ice Magic
 44074 | D:15     | Identified a scroll of acquirement
 44075 | D:15     | Acquired 357 gold pieces
 44151 | D:15     | Reached skill level 5 in Air Magic
 45540 | D:15     | Found a staircase to the Depths.
 45843 | D:15     | Got Zazyorph's Reference Book on Transmigration and
                  | Dislocation
 46281 | Spider:2 | You are sucked into a shaft and drop 1 floor!
 47685 | Spider:3 | Received a gift from Sif Muna
 48017 | Spider:3 | Reached XP level 17. HP: 10/102 MP: 3/29
 49345 | Spider:4 | Entered Level 4 of the Spider Nest
 50519 | Spider:4 | Received a gift from Sif Muna
 50541 | Spider:3 | Gained mutation: Your system is resistant to poisons.
                  | (rPois) [mutagenic glow]
 50627 | Spider:4 | Got Plog's Compendium of the Burning Voyage {god gift}
 51976 | Spider:4 | Noticed Mlioglotl
 52430 | Lair:2   | Learned a level 2 spell: Scorch
 52442 | Lair:2   | Learned a level 5 spell: Lightning Bolt
 52742 | Lair:2   | Reached skill level 5 in Conjurations
 53082 | Swamp:1  | Received a gift from Sif Muna
 53362 | Swamp:1  | Noticed Donald
 55394 | Swamp:2  | Reached skill level 10 in Spellcasting
 56416 | Swamp:3  | Reached XP level 18. HP: 107/107 MP: 32/32
 56514 | Swamp:3  | Learned a level 5 spell: Freezing Cloud
 56621 | Swamp:3  | Reached skill level 10 in Ice Magic
 57391 | Swamp:3  | Constricted to death by a shambling mangrove

Illustrated notes

Levels and vault maps discovered:
D:1:      lightli_arrival_maybe_door_vault, layout_loops_cross, serial_shops,
          nicolae_square_shop
D:2:      layout_rooms, shapermc_ecumenical_altar_mp_highgroup, minmay_guardbox
D:3:      layout_rooms, kennysheep_generic_room_16
D:4:      layout_cave_pools, trog_book, minmay_temple_entry_slanted,
          portal_sewer_entry_b, serial_shops, kennysheep_mini, uniq_eustachio,
          uniq_menkaure
D:5:      layout_layer_cave, serial_shops, shop, chequers_serial_rivers_large_a,
          uniq_edmund
D:6:      layout_basic
D:7:      lemuel_slime, layout_loops_corners, lemuel_crystal_altar,
          lightli_bailey_entry_fortress, gammafunk_ghost_nasty_kobolds,
          uniq_joseph, uniq_prince_ribbit1, uniq_maggie
D:8:      layout_basic, serial_corexii_hall, chequers_hall_statues_y,
          corexii_hall_statues_s, minmay_checkerbox
D:9:      layout_cave_pools, dpeg_oklobed_lair, erik_orc_1,
          ebering_ghost_inner_flame, minmay_shop_damaged,
          minmay_unpleasant_kobolds
D:10:     layout_long_grid, mainiacjoe_overflow_swirl, lightli_minifort,
          uniq_erica, uniq_maurice
D:11:     layout_long_grid, grunt_decor_mini_mirrors
D:12:     layout_roguey [special_room_orc], corexii_hall_statues_l,
          nrook_guardian_serpent_ordinary
D:13:     layout_rooms, david_vaults_1
D:14:     minmay_triangles_in_corner, layout_long_grid, serial_shops,
          nicolae_square_shop, nicolae_shop_crystal,
          nicolae_shop_competitors_out_of_business,
          nicolae_shop_advertising_works [nicolae_subvault_shop_adworks],
          lemuel_round_altar, enter_trove_0, minmay_misc_feat_secret_circle,
          small_statue_alley_a, minmay_guarded_unrand_curses
D:15:     gammafunk_depths_entry_grave, layout_loops_corners
Temple:   regret_index_temple_mists
Lair:1:   layout_gridlike, beast_lair_carwin_6, serial_bayou_shore_b
Lair:2:   layout_regular_city, palyth_hydra_swamp_entry, grunt_megastairs_4,
          lemuel_fruit_fields, serial_bayou_shore_b, infiniplex_staircase_pool_2
Lair:3:   layout_gridlike, nicolae_spider_entry_orb_guardian,
          serial_bayou_shore_a
Lair:4:   layout_small_grid, uniq_nergalle, uniq_urug
Lair:5:   layout_misc_corridors, grunt_megastairs_2, uniq_rupert, uniq_josephine
Lair:6:   grunt_lair_end_beastmaster, layout_concentric_octagons,
          nicolae_slime_entry_slimehenge, chequers_serial_rivers_micro_b,
          lemuel_fruit_fields, infiniplex_staircase_pool, grunt_megastairs_5,
          lemuel_fruit_fields, uniq_snorg
Swamp:1:  layout_basic_swamp, nicolae_swamp_fairy_circle, uniq_donald
Swamp:2:  nicolae_swamp_phyte_club, layout_falls_marsh,
          evilmike_swamp_ruin_house_4, swamp_pool4, lightli_tree_ring
Swamp:3:  layout_basic_swamp, nicolae_swamp_decorative_isthmus, swamp_pool4
Spider:1: layout_spider_delve
Spider:2: layout_spider_delve, nicolae_spider_claw_tunnel,
          hangedman_spider_tarantella_strand
Spider:3: layout_cave_pods
Spider:4: grunt_spider_rune_circles, uniq_mlioglotl
Orc:1:    layout_caves, gammafunk_ghost_berserking_beasts, minmay_orc_treasury
Orc:2:    grunt_orc_tribal_feast, layout_diamond_mine,
          gammafunk_ghost_fury_of_okawaru
Elf:1:    nicolae_elf_arrival_no_cutting_in_line, layout_geoelf_grid,
          serial_shops, freezing_bzr, minivault_28, uniq_roxanne, uniq_asterion

Skill      XL: |  1  2  3  4  5  6  7  8  9 10 11 12 13 14 15 16 17 18 |
---------------+-------------------------------------------------------+-----
Spellcasting   | 3 4 5 6 7 8 10 | 10.0
Necromancy     | 5 6 8 9 |  9.0
Armour         | 1 3 4 5 6 7 8 9 |  9.0
Fighting       | 1 3 5 6 7 8 9 10 | 10.0
Slings         | 2 3 4 5 6 8 9 |  9.7
Evocations     | 3 7 9 |  9.0
Throwing       | 2 |  2.9
Conjurations   | 3 4 6 |  6.0
Air Magic      | 3 4 7 9 |  9.6
Maces & Flails | 7 9 |  9.0
Invocations    | 5 |  5.0
Ice Magic      | 4 7 9 10 | 10.0
Shields        | 8 10 | 10.0
Poison Magic   | 5 7 |  7.0
Dodging        | |  2.1
Stealth        | |  3.0

Action                   |  1- 3 |  4- 6 |  7- 9 | 10-12 | 13-15 | 16-18 || total
-------------------------+-------+-------+-------+-------+-------+-------++-------
Melee: Dagger            |     1 |       |       |       |       |       ||     1
       Flail             |       |     2 |   166 |       |       |       ||   168
       Bite              |       |       |    20 |    22 |   121 |    98 ||   261
       Punch             |       |       |     2 |     2 |    18 |     2 ||    24
       Whip              |       |       |    42 |     5 |       |       ||    47
       Quarterstaff      |       |       |       |    37 |       |       ||    37
       Trident           |       |       |       |     8 |       |     4 ||    12
       Falchion          |       |       |       |    14 |       |       ||    14
       Scimitar          |       |       |       |    81 |    49 |     6 ||   136
       Eveningstar       |       |       |       |       |   659 |   586 ||  1245
 Fire: Hunting sling     |    23 |    48 |   107 |   427 |  1041 |   799 ||  2445
Throw: Boomerang         |       |       |    14 |     1 |     1 |    19 ||    35
       Stone             |       |       |     3 |     4 |    31 |    22 ||    60
       Dart              |       |       |     3 |    21 |    59 |     7 ||    90
       Javelin           |       |       |       |     1 |     4 |     1 ||     6
 Cast: Pain              |    54 |    88 |    81 |    53 |    12 |     1 ||   289
       Vampiric Draining |       |     8 |    63 |   110 |   121 |   154 ||   456
       Passwall          |       |       |       |     1 |       |       ||     1
       Agony             |       |       |       |    25 |    22 |    14 ||    61
       Mephitic Cloud    |       |       |       |     3 |       |       ||     3
       Dispel Undead     |       |       |       |       |    25 |    27 ||    52
       Animate Dead      |       |       |       |       |     1 |       ||     1
       Lesser Beckoning  |       |       |       |       |     7 |     2 ||     9
       Blink             |       |       |       |       |     2 |     7 ||     9
       Olgreb's Toxic Ra |       |       |       |       |       |   130 ||   130
       Lightning Bolt    |       |       |       |       |       |    12 ||    12
Invok: Channel Magic     |       |       |       |     1 |     2 |     4 ||     7
 Abil: Exsanguinate      |       |       |       |       |     1 |     1 ||     2
       Revivify          |       |       |       |       |     1 |       ||     1
Evoke: Wand              |       |       |     2 |    22 |    16 |     8 ||    48
       Phantom mirror    |       |       |       |       |     1 |       ||     1
       Box of beasts     |       |       |       |       |       |     1 ||     1
  Use: Scroll            |       |     3 |     5 |    11 |    12 |    14 ||    45
       Potion            |       |       |       |     5 |     4 |    10 ||    19
 Stab: Sleeping          |       |       |     1 |     1 |     2 |     3 ||     7
       Distracted        |       |       |       |       |     1 |     2 ||     3
Armor: Robe              |       |     2 |    38 |       |       |       ||    40
       Leather armour    |       |     5 |    36 |       |       |       ||    41
       Acid dragon scale |       |       |    54 |    88 |   179 |   483 ||   804
       Skin              |       |       |       |    21 |       |       ||    21
       Swamp dragon scal |       |       |       |    78 |   199 |    81 ||   358
Dodge: Dodged            |     4 |    30 |   147 |   212 |   474 |   479 ||  1346
Block: Other             |     1 |     9 |    66 |    96 |   202 |    57 ||   431
       Reflection        |       |       |     7 |     7 |     9 |    18 ||    41
       Orb               |       |       |       |       |     6 |       ||     6
       Buckler           |       |       |       |       |       |   598 ||   598
